 Dungeon Crawl Stone Soup version 0.20-a0-16-g0876c8e (webtiles) character file.

319 Lochraine the Shield-Bearer (level 6, 0/48 HPs)
             Began as a Formicid Fighter on Nov 3, 2016.
             Was an Initiate of Gozag.
             Splashed by a jelly's acid (8 damage)
             ... on level 4 of the Dungeon.
             The game lasted 00:08:48 (2438 turns).

Lochraine the Shield-Bearer (Formicid Fighter)      Turns: 2438, Time: 00:08:48

Health: 0/48       AC: -5    Str: 20    XL:     6   Next: 75%
Magic:  15/15      EV:  9    Int: 11    God:    Gozag
Gold:   202        SH: 10    Dex: 12    Spells: 0 memorised, 5 levels left

rFire  . . .     SeeInvis +     a - +0 war axe
rCold  . . .     Gourm    .     m - +2 scale mail {rPois}
rNeg   . . .     Faith    .     c - +0 shield
rPois  +         Spirit   .     (helmet unavailable)
rElec  .         Reflect  .     (no cloak)
rCorr  .         Harm     .     l - +0 pair of gloves
MR     .....                    (no boots)
Stlth  ..........               (no amulet)
                                g - ring of magical power
                                o - +3 ring of intelligence

@: corroded, gold aura
A: permanent stasis, dig shafts and tunnels, four strong arms, antennae 3
a: Dig, Shaft Self, Potion Petition, Call Merchant, Bribe Branch, Renounce
Religion


You were on level 4 of the Dungeon.
You worshipped Gozag.
Gozag was aware of your devotion.
You were not hungry.

You visited 1 branch of the dungeon, and saw 4 of its levels.

You collected 225 gold pieces.
You paid 23 gold pieces to Gozag.

Inventory:

Hand Weapons
 a - a +0 war axe (weapon)
Missiles
 e - 11 poisoned needles
 t - 3 tomahawks (quivered)
 y - a throwing net
Armour
 b - a +0 scale mail
 c - a +0 shield (worn)
 l - a +0 pair of gloves (worn)
 m - a +2 scale mail of poison resistance (worn)
Jewellery
 g - a ring of magical power (right hand)
 o - a +3 ring of intelligence (left hand)
Scrolls
 j - a scroll of enchant weapon {unknown}
 k - a scroll of amnesia {unknown}
 p - a scroll of immolation {unknown}
 r - a scroll of fog {unknown}
 s - a scroll of teleportation {unknown}
 v - 2 scrolls of remove curse {unknown}
 w - a scroll of identify {unknown}
 x - a scroll of fear {unknown}
Potions
 d - 2 potions of might
 h - a potion of lignification {unknown}
 i - a potion of haste {unknown}
 q - 2 potions of degeneration {unknown}
 u - a potion of beneficial mutation {unknown}
Books
 A - a book of Minor Magic

   Spells                             Type                      Level
   a - Magic Dart                     Conjuration                  1
   b - Blink                          Translocation                2
   c - Call Imp                       Summoning                    2
   d - Repel Missiles                 Charms/Air                   2
   e - Slow                           Hexes                        2
   f - Conjure Flame                  Conjuration/Fire             3
   g - Mephitic Cloud                 Conjuration/Poison/Air       3
Comestibles
 f - 3 bread rations
 n - a slice of pizza
 z - a meat ration


   Skills:
 + Level 4.1 Fighting
 + Level 4.1 Axes
 + Level 4.5 Armour
 + Level 1.0 Dodging
 + Level 5.3 Shields


You had 5 spell levels left.
You didn't know any spells.

Dungeon Overview and Level Annotations

Branches:
Dungeon (4/15)
 Temple: D:4-7

Altars:
Gozag

Annotations:
D:3 Philosophy's ghost, amateur CeHu


Innate Abilities, Weirdness & Mutations

You are under a permanent stasis effect.
You can dig through walls and to a lower floor.
Your four strong arms can wield two-handed weapons with a shield.
You have a pair of large antennae on your head. (SInv)


Message History

You hit the jelly.
Your hands burn!
You block the jelly's attack. The howler monkey hits you.
You closely miss the howler monkey.
The howler monkey is severely wounded.
You hit the jelly. The acid corrodes you!
Your hands burn!
The howler monkey completely misses you.
You block the jelly's attack. You block the howler monkey's attack.
The jelly hits you but does no damage.
You hit the howler monkey.
You kill the howler monkey!
Your Axes skill increases to level 4!
You hit the jelly but do no damage. The acid corrodes you!
Your hands burn!
The jelly hits you. The acid corrodes you!
You are splashed with acid!
The acid burns!
* * * LOW HITPOINT WARNING * * *
The jelly hits you.
* * * LOW HITPOINT WARNING * * *
The acid corrodes you!
You are splashed with acid!
The acid burns!
You die...
Your body crumbles into a pile of gold.

....#.....#.......#
....#....##'####### .......
....#....#........# .......
....######........# .......
#+#...............# .......
..#...............# .......
..#...............# $......
..'...............#####$......
..#.............@J.......#
###......................#{{{
.....#'###...............#
.....#...#...............+
.....#...#########.......#
.<...#...........+.......#
.....#...........#.......#
.....#...........#.......#
.....###'##......#


You could see a jelly.

Vanquished Creatures
  A scorpion (D:4)
  A howler monkey (D:4)
  A hound (D:4)
  A bullfrog skeleton (D:4)
  Terence (D:2)
  2 worker ants (D:4)
  5 adders
  An ooze (D:4)
  2 worms (D:2)
  A dart slug (D:1)
  A leopard gecko (D:2)
  2 orcs
  2 giant cockroaches
  3 goblins
  6 hobgoblins
  6 jackals
  3 kobolds
  7 bats
  2 frilled lizards
  4 rats
52 creatures vanquished.

Notes
Turn   | Place    | Note
-------+----------+-------------------------------------------
     0 | D:1      | Lochraine the Formicid Fighter began the quest for the Orb.
     0 | D:1      | Reached XP level 1. HP: 18/18 MP: 1/1
    35 | D:1      | Reached XP level 2. HP: 17/24 MP: 2/2
   740 | D:2      | Reached skill level 4 in Shields
   740 | D:2      | Reached XP level 3. HP: 22/29 MP: 3/3
   748 | D:2      | Noticed Terence
   770 | D:2      | Killed Terence
   770 | D:2      | Reached XP level 4. HP: 27/35 MP: 4/4
  1014 | D:2      | Found an opulent altar of Gozag.
  1038 | D:2      | Became a worshipper of Gozag Ym Sagoz the Greedy
  1411 | D:3      | Noticed Philosophy's ghost (amateur CeHu)
  1688 | D:3      | Reached skill level 1 in Dodging
  1688 | D:3      | Reached XP level 5. HP: 41/41 MP: 5/5
  2293 | D:4      | Reached skill level 5 in Shields
  2293 | D:4      | Reached XP level 6. HP: 28/48 MP: 6/6
  2438 | D:4      | Splashed by a jelly's acid

Vault maps used:
D:1:      scummos_arrival_checkerplants
D:2:      first_bread, grunt_gozag_statues, uniq_terence

Skill      XL: |  1  2  3  4  5  6 |
---------------+-------------------+-----
Shields        | 4 5 |  5.3
Axes           | 3 4 |  4.1
Armour         | 4 |  4.5
Dodging        | 1 |  1.0
Fighting       | 4 |  4.1

Action                   |  1- 3 |  4- 6 || total
-------------------------+-------+-------++-------
Melee: War axe           |    55 |   185 ||   240
  Use: Potion            |       |     1 ||     1
  Eat: Meat ration       |       |     1 ||     1
       Beef jerky        |       |     1 ||     1
       Chunk             |       |     1 ||     1
Armor: Scale mail        |    45 |    95 ||   140
Dodge: Dodged            |    16 |    87 ||   103
Block: Shield            |    33 |   109 ||   142
